 Dungeon Crawl Stone Soup version 0.31-a0-1074-g0b22e4e0f1 (webtiles) character file.

Game seed: 10766144456064513653

109271 grandjackal the Warrior (level 16, -4/138 (144) HPs)
             Began as a Pale Draconian Hunter on Dec 2, 2023.
             Was the Champion of Hepliaklqana.
             Killed by divine providence
             ... invoked by a smoke demon
             ... summoned by a deep elf demonologist
              (11 damage)
             ... on level 2 of the Elven Halls.
             The game lasted 00:47:06 (24082 turns).

grandjackal the Warrior (Pale Draconian Hunter)    Turns: 24082, Time: 00:47:06

HP:   -4/138 (144)  AC: 20    Str: 14    XL:     16   Next: 4%
MP:   25/25         EV: 19    Int:  5    God:    Hepliaklqana [******]
Gold: 1329          SH:  5    Dex: 22    Spells: 15/15 levels left

rFire   + . .        n - +3 hand cannon (elec)
rCold   + + .        (no shield)
rNeg    . . .        (body armour unavailable)
rPois   +            Y - +2 hat {SInv}
rElec   +            c - scarf {rC+ rF+}
rCorr   .            o - +2 pair of gloves "Katutaph" {*Corrode +Blink rElec Will+}
SInv    +            P - +1 pair of boots "Fuxill" {rPois Int-5 Slay+5}
Will    ++...        N - amulet of reflection
Stlth   ++           f - ring of protection from cold
HPRegen 0.43/turn    k - +4 ring of protection
MPRegen 0.19/turn

%: corrode self (3%), reflection
@: studying Fighting, lightly drained
A: reduced essence, breathe steam, AC +9, unfitting armour, cold-blooded, steam
resistance
a: Breathe Steam, Renounce Religion, Evoke Blink, Recall Ancestor, Ancestor
Identity, Transference, Idealise


You were on level 2 of the Elven Halls.
You worshipped Hepliaklqana.
Hepliaklqana was exalted by your worship.
You visited 5 branches of the dungeon, and saw 23 of its levels.
You also visited: Bailey and Gauntlet.

You collected 3267 gold pieces.
You spent 1938 gold pieces at shops.

Inventory:

Hand Weapons
 n - a +3 hand cannon of electrocution (weapon)
Missiles
 V - a throwing net
Armour
 c - a scarf of resistance (worn)
 h - the +1 cloak of the Ego {Drain rF+ Stlth+}
   (You found it in a Gauntlet)

   rF+:       It protects you from fire.
   Drain:     It drains your maximum health when unequipped.
   Stlth+:    It makes you more stealthy.
 o - the +2 pair of gloves "Katutaph" (worn) {*Corrode +Blink rElec Will+}
   (You bought it in a shop on level 2 of the Orcish Mines)

   rElec:     It insulates you from electricity.
   Will+:     It increases your willpower.
   +Blink:    It lets you blink.
   *Corrode:  It may corrode you when you take damage.
 E - a +2 kite shield of protection
 P - the +1 pair of boots "Fuxill" (worn) {rPois Int-5 Slay+5}
   (You found it in a bailey)

   Int-5:     It affects your intelligence (-5).
   Slay+5:    It affects your accuracy & damage with ranged weapons and melee
   (+5).
   rPois:     It protects you from poison
 Y - a +2 hat of see invisible (worn)
Jewellery
 f - a ring of protection from cold (left hand)
 k - a +4 ring of protection (right hand)
 u - a ring of protection from fire
 x - a ring of resist corrosion
 z - a ring of positive energy
 B - a ring of flight
 N - an amulet of reflection (around neck)
 W - a ring of protection from cold
Wands
 v - a wand of polymorph (27)
 K - a wand of light (28)
 L - a wand of flame (11)
 T - a wand of paralysis (4)
 U - a wand of digging (19)
 X - a wand of mindburst (19)
Scrolls
 a - a scroll of poison
 b - a scroll of butterflies
 d - 2 scrolls of torment
 e - 5 scrolls of vulnerability
 g - 3 scrolls of identify
 l - 2 scrolls of summoning
 p - 12 scrolls of teleportation
 q - 4 scrolls of blinking
 w - 2 scrolls of fog
 y - 4 scrolls of fear
 A - 2 scrolls of silence
 G - 5 scrolls of revelation
 H - 2 scrolls of immolation
 Z - a scroll of enchant armour
Potions
 i - 3 potions of mutation
 m - 3 potions of brilliance
 r - a potion of cancellation
 s - a potion of magic
 t - 6 potions of curing
 C - 3 potions of resistance
 D - 3 potions of haste
 F - 2 potions of lignification
 I - a potion of might
 J - 6 potions of ambrosia
 O - 3 potions of berserk rage
 Q - 6 potions of enlightenment
Miscellaneous
 j - a sack of spiders
 M - a lightning rod (4/4)
 R - a phial of floods


   Skills:
 + Level 19.4 Fighting
 + Level 16.5 Ranged Weapons
 - Level 9.2 Dodging
 - Level 1.0 Stealth
 + Level 4.4 Shields
 - Level 12.0 Invocations
 - Level 8.8 Evocations


You had 15 spell levels left.
You didn't know any spells.
Your spell library contained the following spells:

 Spells                   Type           Power      Damage    Failure   Level
 Kiss of Death            Conj/Necr      0%         2d5       47%         1
 Necrotise                Necr           0%         1d4       47%         1
 Shock                    Conj/Air       0%         1d3       47%         1
 Summon Small Mammal      Summ           0%         N/A       47%         1
 Blink                    Tloc           0%         N/A       63%         2
 Cigotuvi's Dreadful Rot  Necr/Pois/Air  0%         N/A       63%         2
 Ensorcelled Hibernation  Hex/Ice        0%         N/A       63%         2
 Jinxbite                 Hex            0%         N/A       63%         2
 Passwall                 Tmut/Erth      0%         N/A       63%         2
 Call Canine Familiar     Summ           0%         N/A       85%         3
 Confusing Touch          Hex            0%         N/A       85%         3
 Dazzling Flash           Conj/Hex       0%         N/A       85%         3
 Ozocubu's Armour         Ice            0%         N/A       85%         3
 Summon Guardian Golem    Hex/Summ       0%         N/A       85%         3
 Swiftness                Air            0%         N/A       85%         3
 Volatile Blastmotes      Fire/Tloc      0%         2d10      85%         3
 Airstrike                Air            0%         2d(0-16)  99%         4
 Anguish                  Hex/Necr       0%         N/A       99%         4
 Brom's Barrelling Bould  Conj/Erth      0%         2d3       99%         4
 Dispel Undead            Necr           0%         3d6       99%         4
 Manifold Assault         Tloc           0%         N/A       99%         4
 Fireball                 Conj/Fire      0%         3d3       100%        5
 Iskenderun's Battlesphe  Conj           0%         2d6       100%        5
 Conjure Ball Lightning   Conj/Air       0%         3x3d6     100%        6
 Death Channel            Necr           0%         N/A       100%        6
 Plasma Beam              Fire/Air       0%         2x1d10    100%        6
 Simulacrum               Ice/Necr       0%         N/A       100%        6
 Starburst                Conj/Fire      0%         6d3       100%        6
 Orb of Destruction       Conj           0%         9d5       100%        7
 Ozocubu's Refrigeration  Ice            0%         4d7       100%        7
 Spellforged Servitor     Conj/Summ      0%         N/A       100%        7
 Borgnjor's Revivificati  Necr           0%         N/A       100%        8
 Maxwell's Capacitive Co  Air            0%         ∞         100%        8
 Chain Lightning          Conj/Air       0%         N/A       100%        9
 Fire Storm               Conj/Fire      0%         5d1       100%        9
 Polar Vortex             Ice            0%         N/A       100%        9
 Shatter                  Erth           0%         3d5*      100%        9


Dungeon Overview and Level Annotations

Branches:
Dungeon (15/15)            Temple (1/1) D:7            Lair (3/5) D:10
 Shoals (0/4) Lair:3       Spider (0/4) Lair:2          Orc (2/2) D:9
    Elf (2/3) Orc:2        Vaults (0/5) D:13         Depths (0/4) D:15
 Bailey (visited)         Gauntlet (visited)

Altars:
Ashenzari
Cheibriados
Dithmenos
Elyvilon
Fedhas
Gozag
Hepliaklqana
Kikubaaqudgha
Makhleb
Nemelex Xobeh
Okawaru
Qazlal
Ru
Sif Muna
Trog
Uskayaw
Vehumet
Wu Jian
Xom
Yredelemnul
Zin

Shops:
D:3 [!![   D:4 (:=*   Orc:1 :   Orc:2 [*:

Portals:
Abyss: D:6
Trove: D:11 (give 6 scrolls of fog)

Annotations:
D:3 1 runed translucent door, RabbitInGlasses's ghost, amateur DrCj
D:6 2 transporters, kd29's ghost, novice DsRe
D:8 1 transporter
D:11 3 runed translucent doors, Smoke131's ghost, journeyman OgGl


Innate Abilities, Weirdness & Mutations

Your life essence is reduced to manifest your ancestor. (-10% HP)
You can breathe blasts of scalding, opaque steam.
Your pale cyan-grey scales are hard. (AC +9)
You cannot fit into any form of body armour.
You are cold-blooded and may be slowed by cold attacks.
You are immune to the effects of steam.


Message History

The deep elf demonologist casts a spell.
The cacodemon gestures at you. You resist with almost no effort.
Unknown command.
Fire: n) +3 hand cannon (elec)
Press: ? - help, Q - select action, (/) - cycle Shift-Dir - straight line, f/p - deep elf demonologist
Aim: a deep elf demonologist, wielding a +0 long sword (severely wounded, 74% to hit)
You shoot a bolt.
The bolt closely misses the deep elf demonologist.
The fire elemental closely misses you. The +2 battleaxe of draining hits you.
* * * LOW HITPOINT WARNING * * *
You feel drained. You block the smoke demon's attack.
The smoke demon hits you but does no damage.
The smoke demon hits you.
* * * LOW HITPOINT WARNING * * *
The deep elf pyromancer hits you but does no damage.
The deep elf demonologist hits you with a +0 long sword.
* * * LOW HITPOINT WARNING * * *
The cacodemon misses you.
The cacodemon hits you but does no damage.
The fire elemental hits you. The fire elemental burns you! You resist.
* * * LOW HITPOINT WARNING * * *
The Ice Fiend calls on the powers of darkness!
The deep elf demonologist convulses!
Your body is wracked with pain!
* * * LOW HITPOINT WARNING * * *
The deep elf pyromancer convulses!
The deep elf zephyrmancer convulses!
The +2 battleaxe of draining hits you!
* * * LOW HITPOINT WARNING * * *
You feel drained.
* * * LOW HITPOINT WARNING * * *
Unknown command.
Unknown command.
Unknown command.
Unknown command.
Blink to where?
Press: ? - help, Dir - move target, p - deep elf demonologist
As you read the scroll of blinking, it crumbles to dust.
The smoke demon gestures at you. Something smites you!
You die...

..# #.# #.# #..# #.# #..+ #
#++# #.# #..+ ....#####..##
##.# #..# #<...))e(..###..#
#..#
....○○.)#e§°e...@#########..#
###)###☼#32E###.............#
#. #.1.(.# #.)###........#
#.#.#+# #..# #..####).#
#..... #..# #..# #..# #.#....
#..###..####..# #.##....
#.............# #. #...
+.............#
+..##.#####..##


You could see a cacodemon (summoned), a deep elf demonologist, a deep elf
pyromancer, a smoke demon (summoned), a fire elemental (summoned) and a +2
battleaxe of draining.

Vanquished Creatures
  Gastronok (Lair:1)
  An orc warlord (Orc:2)
  A deep elf demonologist (Elf:1)
  Azrael (D:13)
  A deep elf annihilator (Elf:1)
  A minotaur (Gauntlet)
  A deep elf death mage (Elf:1)
  An ettin (Orc:2)
  Snorg (Orc:1)
  A yaktaur captain (D:15)
  Erolcha (D:13)
  2 hydras
  A ghost crab (Gauntlet)
  4 boulder beetles
  6 centaur warriors
  6 dancing weapons
  4 two-headed ogres
  A deep troll earth mage (D:15)
  5 death yaks (Lair:2)
  4 tengu warriors
  4 orc high priests (Orc:2)
  2 deep elf knights
  A skyshark (Lair:3)
  A skeletal warrior (D:14)
  An orb spider (Lair:2)
  A harpy (Lair:2)
  2 deep elf archers
  5 deep elf zephyrmancers
  3 orc knights
  Pikel (D:5)
  2 necromancers (Elf:1)
  8 deep elf pyromancers
  9 ugly things
  3 oklob plants
  2 cyclopes
  4 orc sorcerers
  7 manticores
  8 elephants
  A moth of wrath (D:8)
  A black mamba (Lair:2)
  3 cane toads
  An ice statue (Lair:2)
  A gargoyle (D:11)
  2 minotaur zombies (Gauntlet)
  Maggie (Lair:1)
  3 rime drakes (Lair:3)
  An unseen horror (D:12)
  A large abomination (Elf:1)
  Psyche (D:8)
  6 komodo dragons
  An efreet (D:15)
  4 tengu conjurers
  An ice devil (Lair:2)
  5 polar bears (Lair:2)
  A queen bee (Lair:3)
  3 trolls
  8 hornets
  Prince Ribbit (D:5)
  13 blink frogs
  4 slime creatures
  Sigmund (D:4)
  3 air elementals (Elf:2)
  2 wyverns (Lair:3)
  A water elemental (Elf:2)
  26 yaks
  3 wraiths
  A shadow (D:12)
  12 humans
  A ynoxinul (Gauntlet)
  4 basilisks
  4 fire elementals (D:13)
  2 steam dragons
  10 vampire mosquitoes
  An acid dragon (D:9)
  5 water moccasins
  4 hell hounds (D:13)
  Duvessa (D:4)
  3 black bears
  A sky beast (D:7)
  3 ice beasts
  33 orc warriors
  7 ogres
  6 wolves
  7 centaurs
  2 lemures (D:5)
  16 bullfrogs
  An earth elemental (Elf:2)
  4 scorpions
  A cane toad simulacrum (Lair:2)
  4 wights (D:7)
  A two-headed ogre simulacrum (Lair:2)
  Dowan (D:4)
  A hornet simulacrum (D:15)
  29 killer bees
  5 howler monkeys
  A lava snake (Lair:2)
  5 hounds
  A gnoll bouda (D:5)
  A jelly (D:7)
  18 orc priests
  A sleepcap (D:6)
  3 iron imps (Gauntlet)
  5 iguanas
  A knight (D:12)
  26 orc wizards
  2 spriggan simulacra (Lair:2)
  6 adders
  6 gnolls
  3 river rats (Lair:3)
  3 shadow imps
  6 worms
  2 dart slugs (D:2)
  86 orcs
  6 ball pythons
  5 endoplasms
  2 giant cockroaches
  15 goblins
  4 hobgoblins
  4 jackals (D:4)
  6 quokkas
  2 training dummies (D:4)
  4 bats
  4 frilled lizards
  22 kobolds
  7 rats
634 creatures vanquished.

Vanquished Creatures (collateral kills)
  A deep elf annihilator (Elf:1)
  A hydra (D:15)
  A death yak (Lair:2)
  A two-headed ogre (D:10)
  A dancing weapon (Elf:2)
  A centaur warrior (D:15)
  An occultist (D:15)
  A deep elf knight (Elf:2)
  2 skeletal warriors (D:14)
  2 deep elf pyromancers (Elf:1)
  A necromancer (Elf:1)
  An orc knight (Orc:2)
  An orc sorcerer (Orc:2)
  A large abomination (Elf:1)
  An ugly thing (D:15)
  2 oklob plants (Lair:3)
  2 elephants (Lair:3)
  A black mamba (Lair:1)
  3 cane toads
  3 rime drakes
  A tengu conjurer (D:15)
  3 komodo dragons
  2 efreet
  A hornet (Lair:1)
  4 blink frogs
  2 slime creatures (D:13)
  2 wyverns
  A basilisk (Lair:2)
  4 humans (D:13)
  11 yaks
  2 vampire mosquitoes
  A water moccasin (Lair:3)
  A swamp drake (D:9)
  13 orc warriors
  2 wolves
  2 kobold brigands
  An elf zombie (Elf:1)
  9 killer bees
  An elephant simulacrum (Lair:2)
  A howler monkey (D:9)
  2 orc priests
  An iron imp (Gauntlet)
  4 orc wizards
  7 orcs
  A goblin (D:10)
  3 kobolds
110 creatures vanquished.

Vanquished Creatures (others)
  An ancestor (D:9)
  12 knights
13 creatures vanquished.

Grand Total: 757 creatures vanquished

Notes
Turn   | Place    | Note
-------+----------+-------------------------------------------
     0 | D:1      | grandjackal the Draconian Hunter began the quest for the
                  | Orb.
     0 | D:1      | Reached XP level 1. HP: 17/17 MP: 1/1
    44 | D:1      | Reached skill level 1 in Stealth
   120 | D:1      | Reached XP level 2. HP: 20/25 MP: 2/2
   320 | D:1      | Reached XP level 3. HP: 29/30 MP: 3/3
   802 | D:2      | Reached skill level 3 in Fighting
   935 | D:2      | Found a faded altar of an unknown god.
  1078 | D:2      | Reached XP level 4. HP: 38/38 MP: 4/4
  1255 | D:3      | Noticed RabbitInGlasses's ghost (amateur DrCj)
  1258 | D:3      | Found a runed translucent door.
  1305 | D:3      | Found Lazupn's Distillery.
  1305 | D:3      | Found Cuassa's Antique Armour Boutique.
  1333 | D:3      | Found Ompa Vau's Armour Emporium.
  1335 | D:3      | Bought a potion of curing for 36 gold pieces
  1335 | D:3      | Bought a potion of heal wounds for 60 gold pieces
  1335 | D:3      | Bought a potion of might for 48 gold pieces
  1579 | D:3      | Found Caocaan's Distillery.
  1583 | D:3      | Bought a potion of degeneration for 13 gold pieces
  1620 | D:3      | Found a shimmering blue altar of Sif Muna.
  1789 | D:4      | Found Ahaytzed's General Store.
  1795 | D:4      | Bought a scroll of noise for 14 gold pieces
  1853 | D:4      | Found Renwer's Book Emporium.
  1876 | D:4      | Found Kolacon's Book Shop.
  1885 | D:4      | Noticed an ogre
  1902 | D:4      | Killed an ogre
  1903 | D:4      | Reached skill level 4 in Fighting
  1903 | D:4      | Reached skill level 5 in Ranged Weapons
  1903 | D:4      | Reached XP level 5. HP: 9/46 MP: 5/5
  1903 | D:4      | Noticed an ogre
  1913 | D:4      | Found Eliden's Weapon Emporium.
  2101 | D:4      | Noticed Sigmund
  2119 | D:4      | Killed Sigmund
  2120 | D:4      | Reached XP level 6. HP: 44/53 MP: 6/6
  2277 | D:4      | Noticed Duvessa
  2277 | D:4      | Noticed Dowan
  2299 | D:4      | Killed Duvessa
  2300 | D:4      | Reached skill level 5 in Fighting
  2300 | D:4      | Your scales start taking on a pale cyan-grey colour.
  2300 | D:4      | Reached XP level 7. HP: 31/61 MP: 7/7
  2300 | D:4      | Gained mutation: You are immune to the effects of steam.
                  | [Pale Draconian growth]
  2302 | D:4      | Killed Dowan
  2657 | D:4      | Found Bidexoom's Jewellery Shop.
  2741 | D:5      | Entered Level 5 of the Dungeon
  2741 | D:5      | Noticed Prince Ribbit
  2753 | D:5      | Killed Prince Ribbit
  2814 | D:5      | Reached skill level 6 in Fighting
  2892 | D:5      | Found a shadowy altar of Dithmenos.
  2916 | D:5      | Found an ancient bone altar of Kikubaaqudgha.
  3066 | D:5      | Reached XP level 8. HP: 71/71 MP: 8/8
  3172 | D:5      | Noticed Pikel
  3366 | D:5      | Killed Pikel
  3367 | D:5      | Reached skill level 7 in Fighting
  3799 | D:5      | Found a basalt altar of Yredelemnul.
  3992 | D:3      | Bought a +1 pair of gloves of infusion for 165 gold pieces
  4182 | D:6      | Reached XP level 9. HP: 81/81 MP: 9/9
  4236 | D:6      | Got the Catalogue of Charged Abhorrent Spells
  4344 | D:6      | Found a one-way gate to the infinite horrors of the Abyss.
  4344 | D:6      | Noticed kd29's ghost (novice DsRe)
  4355 | D:6      | Reached skill level 8 in Fighting
  4367 | D:6      | Found a transporter.
  4385 | D:6      | Found a snail-covered altar of Cheibriados.
  4439 | D:6      | Found a transporter.
  5101 | D:7      | Reached skill level 10 in Ranged Weapons
  5320 | D:7      | Found a staircase to the Ecumenical Temple.
  5381 | Temple   | Entered the Ecumenical Temple
  5381 | Temple   | Noticed a Brimstone Fiend
  5381 | Temple   | Noticed a soul eater
  5382 | Temple   | Noticed an orange demon
  5382 | Temple   | Noticed Donwu the pandemonium lord
  5382 | Temple   | Noticed Nottof the pandemonium lord
  5384 | Temple   | Noticed Goamim the pandemonium lord
  5384 | Temple   | Noticed a hellwing
  5384 | Temple   | Noticed an ice devil
  5385 | Temple   | Noticed a rust devil
  5407 | Temple   | Noticed a Hell Sentinel
  5408 | Temple   | Noticed a hellwing
  5409 | Temple   | Noticed an Executioner
  5409 | Temple   | Noticed an ice devil
  5410 | Temple   | Noticed a shadow demon
  5425 | Temple   | Noticed Omith the pandemonium lord
  5425 | Temple   | Noticed a hell beast
  5434 | Temple   | Noticed an Ice Fiend
  5443 | Temple   | Noticed a Hell Sentinel
  5443 | Temple   | Noticed Xeceff the pandemonium lord
  5452 | Temple   | Noticed Amol the pandemonium lord
  5454 | Temple   | Noticed a green death
  5486 | Temple   | Became a worshipper of Hepliaklqana the Forgotten
  5608 | D:7      | Reached skill level 1 in Invocations
  5830 | D:7      | Found an opulent altar of Gozag.
  5881 | D:7      | Reached skill level 9 in Fighting
  6185 | D:8      | Noticed Erica
  6201 | D:8      | Noticed Psyche
  6204 | D:8      | Erica changed into Erica the moth of wrath
  6204 | D:8      | Noticed Erica
  6209 | D:8      | Killed Erica the moth of wrath
  6213 | D:8      | Reached XP level 10. HP: 40/91 MP: 10/12
  6219 | D:8      | Killed Psyche
  6513 | D:8      | Reached * piety under Hepliaklqana
  6818 | D:8      | Found a transporter.
  7528 | D:9      | Reached skill level 10 in Fighting
  7549 | D:9      | Reached ** piety under Hepliaklqana
  7572 | D:9      | Remembered your ancestor Gumbo Slice as a knight
  7573 | D:9      | Found a staircase to the Orcish Mines.
  7729 | D:9      | Reached skill level 5 in Invocations
  7770 | D:10     | Entered Level 10 of the Dungeon
  7783 | D:10     | Noticed a two-headed ogre
  7790 | D:10     | Killed a two-headed ogre
  7950 | D:10     | Found a flagged portal.
  7966 | Bailey   | Entered a bailey
  8036 | Bailey   | Identified the +1 pair of boots "Fuxill" {rPois Int-5
                  | Slay+5}
  8056 | Bailey   | Reached XP level 11. HP: 77/90 MP: 15/15
  8366 | D:10     | Found a staircase to the Lair.
  8543 | D:10     | Noticed a two-headed ogre
  8551 | D:10     | Killed a two-headed ogre
  8968 | D:11     | Found a runed translucent gate.
  8968 | D:11     | Noticed a centaur warrior
  8969 | D:11     | Noticed a stone giant
  8975 | D:11     | Found a runed translucent gate.
  8975 | D:11     | Found a runed translucent gate.
  8975 | D:11     | Noticed Smoke131's ghost (journeyman OgGl)
  8975 | D:11     | Noticed a two-headed ogre
  8977 | D:11     | Noticed a boulder beetle
  9060 | D:11     | Reached skill level 11 in Fighting
  9424 | D:11     | Reached *** piety under Hepliaklqana
  9427 | D:11     | Found a portal to a secret trove of treasure.
 10054 | D:12     | Noticed a boulder beetle
 10101 | D:12     | Killed a boulder beetle
 10293 | D:12     | Noticed Nessos
 10293 | D:12     | Noticed a centaur warrior
 10293 | D:12     | Noticed a two-headed ogre
 10299 | D:12     | Killed a centaur warrior
 10300 | D:12     | Nessos changed into something unseen
 10309 | D:12     | Killed a two-headed ogre
 10322 | D:12     | Killed Nessos the unseen horror
 10936 | Lair:1   | Entered Level 1 of the Lair of Beasts
 10977 | Lair:1   | Reached XP level 12. HP: 100/100 MP: 16/18
 11002 | Lair:1   | Reached **** piety under Hepliaklqana
 11041 | Lair:1   | Reached skill level 12 in Fighting
 11134 | Lair:1   | Paralysed by a hornet for 3 turns
 11479 | Lair:1   | Noticed Maggie
 11487 | Lair:1   | Killed Maggie
 11736 | Lair:1   | Noticed Gastronok
 11748 | Lair:1   | Killed Gastronok
 12189 | Lair:2   | Reached skill level 15 in Ranged Weapons
 12381 | Lair:2   | Found a hole to the Spider Nest.
 12506 | Lair:2   | Reached skill level 13 in Fighting
 12527 | Lair:2   | Reached XP level 13. HP: 32/109 MP: 20/20
 12748 | Lair:2   | Reached ***** piety under Hepliaklqana
 12917 | Lair:2   | Reached skill level 10 in Invocations
 13476 | Lair:3   | Found a staircase to the Shoals.
 14004 | Lair:2   | HP: 5/109 [death yak (20)]
 14625 | Lair:3   | Reached skill level 14 in Fighting
 15583 | Lair:3   | Reached XP level 14. HP: 119/119 MP: 22/22
 15606 | Lair:3   | Reached skill level 5 in Dodging
 16390 | Orc:1    | Entered Level 1 of the Orcish Mines
 16523 | Orc:2    | Entered Level 2 of the Orcish Mines
 16884 | Orc:2    | Found a gate leading to a gauntlet.
 16896 | Gauntlet | Entered a Gauntlet
 16896 | Gauntlet | Found a transporter.
 16896 | Gauntlet | Found a transporter.
 16898 | Gauntlet | Found a transporter.
 16898 | Gauntlet | Found a transporter.
 16918 | Gauntlet | Found a transporter.
 16922 | Gauntlet | Found a runed translucent door.
 16924 | Gauntlet | Found a runed translucent door.
 16926 | Gauntlet | Found a transporter.
 16930 | Gauntlet | Found a transporter.
 16958 | Gauntlet | Found a transporter.
 16967 | Gauntlet | Found a transporter.
 16982 | Gauntlet | Found a transporter.
 16986 | Gauntlet | Found a transporter.
 16994 | Gauntlet | Found a transporter.
 17044 | Gauntlet | Reached skill level 1 in Evocations
 17308 | Gauntlet | Found the +12 glaive of Prune {freeze, Prune}
 17326 | Gauntlet | Identified the +1 cloak of the Ego {Drain rF+ Stlth+}
 17611 | Orc:2    | Reached skill level 15 in Fighting
 17614 | Orc:2    | Found a staircase to the Elven Halls.
 17889 | Orc:2    | Noticed an orc warlord
 17901 | Orc:2    | Killed an orc warlord
 18383 | Orc:2    | Found Hinuep's General Store.
 18384 | Orc:2    | Found Iluifuar's Book Shop.
 18386 | Orc:2    | Found Tiewadorr's Antique Armour Shop.
 18386 | Orc:2    | Found Benilu's Antique Weapon Boutique.
 18391 | Orc:2    | Bought a scroll of summoning for 114 gold pieces
 18391 | Orc:2    | Bought a potion of haste for 120 gold pieces
 18391 | Orc:2    | Bought a scroll of blinking for 90 gold pieces
 18391 | Orc:2    | Bought a scroll of identify for 24 gold pieces
 18393 | Orc:2    | Bought a manual of Fighting for 960 gold pieces
 18402 | Orc:2    | Bought a pair of heavily runed gloves for 294 gold pieces
 18402 | Orc:2    | Identified the +2 pair of gloves "Katutaph" {*Corrode
                  | +Blink rElec Will+} (You bought it in a shop on level 2 of
                  | the Orcish Mines)
 18689 | Orc:1    | Reached skill level 5 in Evocations
 18693 | Orc:1    | Noticed Snorg
 18699 | Orc:1    | Killed Snorg
 18752 | Orc:1    | Found Banous's Self-Improvement Boutique.
 19123 | D:13     | Reached skill level 16 in Fighting
 19829 | D:13     | Found a gate to the Vaults.
 20508 | D:13     | Noticed Erolcha
 20511 | D:13     | Noticed Azrael
 20514 | D:13     | Killed Erolcha
 20521 | D:13     | Killed Azrael
 20532 | D:13     | Reached XP level 15. HP: 103/130 MP: 24/24
 21082 | D:14     | Reached skill level 17 in Fighting
 21851 | D:15     | Entered Level 15 of the Dungeon
 21885 | D:15     | Reached ****** piety under Hepliaklqana
 22293 | D:15     | Reached skill level 18 in Fighting
 22329 | D:15     | Found a shimmering altar of Xom.
 22561 | D:15     | Found a staircase to the Depths.
 22966 | Elf:1    | Entered Level 1 of the Elven Halls
 23049 | Elf:1    | Reached skill level 1 in Shields
 23208 | Elf:1    | Got the Teachings on Bodies
 23806 | Elf:1    | Noticed a Brimstone Fiend
 23820 | Elf:1    | Reached skill level 19 in Fighting
 24018 | Elf:2    | Paralysed by an air elemental for 1 turns
 24021 | Elf:2    | Paralysed by an air elemental for 1 turns
 24056 | Elf:2    | Paralysed by an air elemental for 1 turns
 24062 | Elf:2    | Reached XP level 16. HP: 117/144 MP: 25/25
 24081 | Elf:2    | Noticed an Ice Fiend
 24081 | Elf:2    | HP: 6/138 [+2 battleaxe of draining (2)]
 24082 | Elf:2    | Killed from afar by a smoke demon

Illustrated notes

Levels and vault maps discovered:
D:1:      dpeg_arrival_shelter, layout_basic, nicolae_houndstooth_variations
D:2:      kennysheep_big_flooded_room, layout_rooms,
          hellmonk_ecumenical_altar_arch_garden
D:3:      layout_rooms, mainiacjoe_overflow_paths,
          hellmonk_ghost_happy_afterlife, serial_shops, nicolae_shop_peninsula,
          nicolae_shop_back_alley_shop, nicolae_diamond_shop, shop
D:4:      dreamdust_elfheim, layout_rooms, serial_shops, shop,
          nicolae_shop_just_a_little_nook, nicolae_book_shop_shelving,
          nicolae_shop_stone, nicolae_shop_hallway_plus, nicolae_wormholes,
          uniq_sigmund
D:5:      layout_loops_corners, nicolae_overflow_hidden_temple, uniq_pikel,
          uniq_prince_ribbit1
D:6:      layout_gridville, cheibriados_altar_1, gammafunk_ghost_abyssal_escape,
          kennysheep_another_room
D:7:      layout_loops_corners, kennysheep_mini, minmay_temple_entry_crystal_x
D:8:      layout_basic, hangedman_abyss_or_decor_lesser_grid,
          nicolae_diode_basic, uniq_erica, uniq_psyche
D:9:      layout_rooms, erik_orc_1
D:10:     layout_small_grid, lair_entry_dummy, enter_bailey_3
D:11:     layout_grid_maze, gammafunk_ghost_split,
          nicolae_trove_entry_free_sample
D:12:     layout_roguey, uniq_nessos
D:13:     layout_cross, david_vaults_3, uniq_azrael, uniq_erolcha
D:14:     layout_small_grid, dreamdust_princess_corridor
D:15:     hellmonk_depths_entry_around_the_bend, layout_loops_ring,
          xom_teletrap_fun, argonaut_gorgonesque
Temple:   nicolae_temple_panitentiary
Lair:1:   layout_big_grid, dreamdust_wasp_nest, uniq_maggie, uniq_gastronok
Lair:2:   dreamdust_isle_of_ice, layout_gridlike,
          nicolae_spider_entry_orb_guardian
Lair:3:   hangedman_what_comes_after_a, layout_loops_ring,
          nicolae_shoals_entry_roost, grunt_megastairs_2
Orc:1:    layout_caves, basic_altar, nicolae_shop_self_help, uniq_snorg
Orc:2:    st_orc_congregation, layout_diamond_mine, gauntlet_entry_generic
Elf:1:    eino_elf_arrival_sip, layout_loops_cross, hangedman_elf_represent,
          minmay_elf_necromancy
Elf:2:    elven_hall_of_blades_hangedman_original [nicolae_blade_bullseye],
          layout_gridlike, basic_altar, nicolae_shop_unique_rings,
          minmay_the_grid_square_5x5_3x3_mashed
          [minmay_the_grid_square_5x5_checkered,
          minmay_the_grid_square_5x5_fancy_junction,
          minmay_the_grid_square_5x5_almost_minimal,
          minmay_the_grid_square_5x5_bridge,
          minmay_the_grid_square_5x5_megaprize_hollow,
          minmay_the_grid_square_5x5_slash, minmay_the_grid_square_5x5_inner_i,
          minmay_the_grid_square_5x5_v, minmay_the_grid_square_5x5_corner]

Skill      XL: |  1  2  3  4  5  6  7  8  9 10 11 12 13 14 15 |
---------------+----------------------------------------------+-----
Stealth        | 1 |  1.0
Dodging        | 2 4 7 9 |  9.2
Ranged Weapons | 4 5 6 7 9 11 12 14 15 16 | 16.5
Fighting       | 3 4 5 6 7 9 10 11 13 14 16 19 | 19.4
Invocations    | 2 5 8 9 11 12 | 12.0
Evocations     | 6 8 |  8.8
Shields        | 4 |  4.4

Action                     |  1- 3 |  4- 6 |  7- 9 | 10-12 | 13-15 | 16-18 || total
---------------------------+-------+-------+-------+-------+-------+-------++-------
  Melee: Dagger            |       |       |       |     4 |       |       ||     4
   Fire: Shortbow          |   125 |   149 |   190 |       |       |       ||   464
         Orcbow            |       |       |   134 |   724 |  1427 |       ||  2285
         Hand cannon       |       |       |       |       |   124 |    17 ||   141
 Invoke: Ancestor Life: Kn |       |       |       |     1 |       |       ||     1
         Ancestor Identity |       |       |       |     1 |       |       ||     1
         Recall Ancestor   |       |       |       |       |     7 |       ||     7
         Idealise          |       |       |       |       |     1 |       ||     1
Ability: Breathe Steam     |       |       |    10 |     3 |     4 |       ||    17
  Evoke: Wand              |       |       |     4 |     3 |    12 |       ||    19
         Lightning rod     |       |       |       |       |     6 |       ||     6
         Phial of floods   |       |       |       |       |     2 |       ||     2
         Sack of spiders   |       |       |       |       |     2 |       ||     2
    Use: Potion            |       |     2 |     3 |     1 |     4 |       ||    10
         Scroll            |       |       |     7 |     6 |    18 |     1 ||    32
 Armour: Skin              |    27 |    32 |    98 |   129 |   592 |    26 ||   904
  Dodge: Dodged            |    59 |    32 |    87 |    91 |   541 |    15 ||   825
  Block: Other             |       |       |       |    24 |   140 |     5 ||   169
         Reflection        |       |       |       |     5 |    13 |       ||    18

Table legend: (Time is in decaauts)
 A = Elapsed time spent in this place.
 B = Non-inter-level travel time spent in this place.
 C = Inter-level travel time spent in this place.
 D = Time resting spent in this place.
 E = Time spent auto-exploring this place.
 F = Levels seen in this place.
 G = Mean time per level.
                   A        B        C        D        E       F      G
               +--------+--------+--------+--------+--------+-----+--------+
         Total |  23632 |  22173 |   1459 |   4995 |  12461 |  25 |  945.3 |
       Dungeon |  14325 |  13327 |    998 |   2062 |   8898 |  15 |  955.0 |
        Temple |    136 |    120 |     16 |      0 |      0 |   1 |  136.0 |
          Lair |   5180 |   4918 |    262 |   1934 |   2002 |   3 | 1726.7 |
  Orcish Mines |   1934 |   1778 |    156 |    381 |    868 |   2 |  967.0 |
   Elven Halls |   1130 |   1105 |     25 |    283 |    590 |   2 |  565.0 |
        Bailey |    269 |    269 |      0 |      0 |    101 |   1 |  269.0 |
      Gauntlet |    657 |    657 |      0 |    334 |      0 |   1 |  657.0 |
               +--------+--------+--------+--------+--------+-----+--------+

Top non-repeatable levels by time:
  Lair:2: 2376 daAuts
    D:12: 1731 daAuts
  Lair:3: 1632 daAuts
   Orc:2: 1438 daAuts
    D:11: 1351 daAuts
     D:5: 1240 daAuts
  Lair:1: 1171 daAuts
    D:13: 985 daAuts
     D:6: 964 daAuts
   Elf:1: 953 daAuts
     D:7: 951 daAuts
     D:9: 915 daAuts
     D:8: 904 daAuts
     D:4: 893 daAuts
    D:15: 822 daAuts
